 Dungeon Crawl Stone Soup version 0.20-a0-731-gecde0bf (webtiles) character file.

665 graki42 the Cleaver (level 7, -1/59 HPs)
             Began as a Hill Orc Gladiator on Feb 22, 2017.
             Slain by Crazy Yiuf
             ... wielding a +2 quarterstaff of chaos
              (4 damage)
             ... on level 2 of the Dungeon.
             The game lasted 00:08:33 (3790 turns).

graki42 the Cleaver (Hill Orc Gladiator)            Turns: 3790, Time: 00:08:34

Health: -1/59      AC:  9    Str: 19    XL:     7   Next: 57%
Magic:  0/7        EV:  7    Int:  8    God:
Gold:   194        SH:  5    Dex: 12    Spells: 6/6 levels left

rFire    . . .     SeeInvis .   a - +0 war axe
rCold    . . .     Gourm    .   r - +0 chain mail
rNeg     . . .     Faith    .   m - +2 buckler
rPois    .         Spirit   +   c - +0 helmet
rElec    .         Reflect  .   (no cloak)
rCorr    .         Harm     .   (no gloves)
MR       .....                  (no boots)
Stlth    ..........             x - amulet of guardian spirit
Regen    0.2/turn               (no ring)
MPRegen  0.1/turn               b - ring of wizardry

@: very slightly contaminated, hasted and slowed, heavily drained
A: no striking features
a: no special abilities


You were on level 2 of the Dungeon.
You were hungry.

You visited 1 branch of the dungeon, and saw 4 of its levels.

You collected 194 gold pieces.

Inventory:

Hand Weapons
 a - a +0 war axe (weapon)
Missiles
 d - a throwing net (quivered)
Armour
 c - a +0 helmet (worn)
 m - a +2 buckler (worn)
 r - a +0 chain mail (worn)
Jewellery
 b - a ring of wizardry (left hand)
 p - an uncursed ring of wizardry
 x - an amulet of guardian spirit (around neck)
Scrolls
 h - 2 scrolls of identify
 k - 2 scrolls of fog {unknown}
 o - 2 scrolls of teleportation {unknown}
 q - a scroll of enchant armour {unknown}
 u - a scroll of immolation {unknown}
Potions
 e - a potion of resistance {unknown}
 g - 2 potions of mutation
 i - a potion of curing
 l - 2 potions of heal wounds {unknown}
 n - 2 potions of berserk rage {unknown}
 s - a potion of cancellation {unknown}
 t - 2 potions of flight {unknown}
 w - a potion of lignification
Comestibles
 f - 3 bread rations
 j - a royal jelly
 v - 2 meat rations


   Skills:
 + Level 4.3(2.8) Fighting
 + Level 8.4(6.8) Axes
 + Level 2.0(0.6) Throwing
 + Level 3.2(1.8) Armour
 + Level 3.0(1.7) Dodging
 + Level 0.5(0.0) Stealth
 + Level 2.1(0.8) Shields


You had 6 spell levels left.
You didn't know any spells.

Dungeon Overview and Level Annotations

Branches:
Dungeon (4/15)
 Temple: D:4-7

Altars:
Kikubaaqudgha
Sif Muna

Annotations:
D:2 Crazy Yiuf


Message History

Press: ? - help, Shift-Dir - straight line, f - Crazy Yiuf
Aim: Crazy Yiuf, wielding a quarterstaff of chaos and wearing a cloak (severely wounded)
You throw a throwing net.
The throwing net barely misses Crazy Yiuf.
Crazy Yiuf hits you with a quarterstaff of chaos.
* * * LOW HITPOINT WARNING * * *
You feel as though you will be slow longer.
You hit Crazy Yiuf but do no damage.
Crazy Yiuf is severely wounded.
Crazy Yiuf hits you with a quarterstaff of chaos!
* * * LOW HITPOINT WARNING * * *
You feel yourself speed up.
You are very lightly contaminated with residual magic.
Crazy Yiuf hits you with a quarterstaff of chaos.
* * * LOW HITPOINT WARNING * * *
You feel better.
Crazy Yiuf hits you with a quarterstaff of chaos!
* * * LOW HITPOINT WARNING * * *
You feel drained.
You die...

######.###################.#
.......# #...># #####..#
#.#### #..# ##### #.# #..#
#.()# #.# #####..# #...# #.#
.......# ... ##.# ###
#####..# #g# #..# ##.###
....[.## ##@# #### ##.#.##
..###.## #.## #.###..
#......# ##.# ##.#.##
#####..# #.## ##.### #..#
##.## #.# #..# #...## #.#
#..# #....# #.# #####..#
##..## ##.### .......#
#....### #.....


You could see Crazy Yiuf.

Vanquished Creatures
  Grinder (D:3)
  An ice beast (D:3)
  A hound (D:3)
  A bullfrog skeleton (D:3)
  Ijyb (D:3)
  5 orc wizards (D:4)
  A worker ant (D:2)
  3 gnolls
  3 adders
  2 worms (D:2)
  3 dart slugs
  2 leopard geckos
  12 orcs
  6 bats
  4 giant cockroaches
  8 goblins
  10 hobgoblins
  2 jackals (D:4)
  4 quokkas
  A ball python (D:1)
  A frilled lizard (D:2)
  3 kobolds
  6 rats
81 creatures vanquished.

Notes
Turn   | Place    | Note
-------+----------+-------------------------------------------
     0 | D:1      | graki42 the Hill Orc Gladiator began the quest for the Orb.
     0 | D:1      | Reached XP level 1. HP: 18/18 MP: 1/1
    70 | D:1      | Reached XP level 2. HP: 24/25 MP: 2/2
   561 | D:1      | Reached XP level 3. HP: 25/30 MP: 3/3
  1155 | D:2      | Reached skill level 5 in Axes
  1155 | D:2      | Reached skill level 1 in Armour
  1155 | D:2      | Reached XP level 4. HP: 17/37 MP: 4/4
  1827 | D:2      | Found a runed door.
  1888 | D:2      | Found a deep blue altar of Sif Muna.
  2251 | D:3      | Reached XP level 5. HP: 36/44 MP: 3/5
  2291 | D:3      | Reached skill level 1 in Shields
  2334 | D:3      | Noticed Grinder
  2356 | D:3      | Killed Grinder
  2356 | D:3      | Reached skill level 7 in Axes
  2356 | D:3      | Reached XP level 6. HP: 51/51 MP: 4/6
  2925 | D:3      | Noticed an ice beast
  3123 | D:4      | Reached XP level 7. HP: 50/58 MP: 4/7
  3233 | D:4      | Found an ancient bone altar of Kikubaaqudgha.
  3328 | D:4      | Reached skill level 8 in Axes
  3509 | D:3      | Noticed Ijyb
  3521 | D:3      | Killed Ijyb
  3776 | D:2      | Noticed Crazy Yiuf
  3790 | D:2      | Slain by Crazy Yiuf

Vault maps used:
D:1:      dpeg_arrival_subterranean_lakeside_camping, grunt_decor_arrowhead,
          minmay_misc_feat_iff
D:2:      lemuel_blue_sif_altar, minmay_hedge_maze, minmay_misc_feat_alley,
          uniq_crazy_yiuf_cottage
D:3:      first_bread, eino_tiny_chamber, uniq_iyjb, uniq_grinder
D:4:      kiku_gazebo_pond_becter, fedhas_altar_fruit_tree, minmay_lizard_king

Skill      XL: |  1  2  3  4  5  6  7 |
---------------+----------------------+-----
Axes           | 5 7 8 |  8.4
Armour         | 1 2 3 |  3.2
Shields        | 1 2 |  2.1
Fighting       | 3 4 |  4.3
Dodging        | 3 |  3.0
Throwing       | 2 |  2.0
Stealth        | |  0.5

Action                   |  1- 3 |  4- 6 |  7- 9 || total
-------------------------+-------+-------+-------++-------
Melee: War axe           |    87 |   147 |    74 ||   308
Throw: Throwing net      |       |     2 |     1 ||     3
  Use: Scroll            |       |     5 |       ||     5
       Potion            |       |     1 |     1 ||     2
  Eat: Chunk             |       |     6 |     3 ||     9
Armor: Leather armour    |    27 |       |       ||    27
       Chain mail        |    10 |    57 |    31 ||    98
       Skin              |       |     6 |       ||     6
Dodge: Dodged            |    63 |    35 |    21 ||   119
Block: Buckler           |    13 |    28 |    22 ||    63
